 Dungeon Crawl Stone Soup version 0.30.0-10-gfe55d96785 (webtiles) character file.

Game seed: 12490533205855476730

192 Jase the Chopper (level 5, 0/45 HPs)
             Began as a Hill Orc Fighter on May 13, 2023.
             Killed from afar by an orc wizard (8 damage)
             ... with a puff of flame
             ... on level 4 of the Dungeon.
             The game lasted 00:04:01 (2251 turns).

Jase the Chopper (Hill Orc Fighter)                 Turns: 2251, Time: 00:04:01

Health: 0/45       AC: 10    Str: 21    XL:     5   Next: 71%
Magic:  5/5        EV:  7    Int:  8    God:
Gold:   75         SH:  4    Dex: 10    Spells: 4/4 levels left

rFire   . . .        a - +0 war axe
rCold   . . .        c - +0 buckler
rNeg    . . .        m - +0 chain mail
rPois   .            (no helmet)
rElec   .            (no cloak)
rCorr   .            (no gloves)
SInv    .            i - +0 pair of boots
Will    .....        (no amulet) Stlth
                     (no ring)
HPRegen 0.27/turn    (no ring)
MPRegen 0.09/turn

%: no passive effects
@: no status effects
A: no striking features
a: no special abilities


You were on level 4 of the Dungeon.
You visited 1 branch of the dungeon, and saw 4 of its levels.

You collected 75 gold pieces.

Inventory:

Hand Weapons
 a - a +0 war axe (weapon)
Missiles
 k - 15 poisoned darts (quivered)
Armour
 c - a +0 buckler (worn)
 i - a +0 pair of boots (worn)
 m - a +0 chain mail (worn)
Wands
 q - a wand of paralysis (5)
Scrolls
 b - a scroll of amnesia {unknown}
 e - 6 scrolls of identify {unknown}
 g - 2 scrolls of fear {unknown}
 l - a scroll of torment {unknown}
 n - 2 scrolls of poison {unknown}
 o - a scroll of enchant armour {unknown}
Potions
 d - a potion of might
 f - 3 potions of curing {unknown}
 h - a potion of invisibility {unknown}
 j - 3 potions of haste {unknown}
 p - a potion of lignification {unknown}


   Skills:
 - Level 3.6 Fighting
 * Level 7.6 Axes
 - Level 3.2 Armour
 - Level 3.2 Shields


You had 4 spell levels left.
You didn't know any spells.
Your spell library contained the following spells:

 Spells                   Type           Power      Damage    Failure   Level
 Sandblast                Erth           0%         2d4       98%         1
 Lesser Beckoning         Tloc           0%         N/A       99%         2
 Passwall                 Tmut/Erth      0%         N/A       99%         2
 Call Canine Familiar     Summ           0%         N/A       100%        3
 Gell's Gravitas          Tloc           0%         N/A       100%        3
 Portal Projectile        Hex/Tloc       0%         N/A       100%        3
 Stone Arrow              Conj/Erth      0%         3d7       100%        3
 Summon Guardian Golem    Hex/Summ       0%         N/A       100%        3
 Teleport Other           Tloc           0%         N/A       100%        3
 Leda's Liquefaction      Hex/Erth       0%         N/A       100%        4
 Orb of Destruction       Conj           0%         9d5       100%        7
 Spellforged Servitor     Conj/Summ      0%         N/A       100%        7


Dungeon Overview and Level Annotations

Branches:
Dungeon (4/15)
 Temple: D:4-7

Altars:
Uskayaw

Annotations:
D:2 1 runed translucent door, Crazy Yiuf
D:3 2 runed translucent doors, hogiebunz's ghost, amateur KoHu


Message History

You miss the kobold.
The orc wizard hits you but does no damage.
The kobold hits you but does no damage.
The sleepcap releases spores at you but does no damage.
The orc hits you but does no damage.
Unknown command.
You closely miss the orc wizard. You barely miss the sleepcap.
You hit the orc but do no damage. You closely miss the kobold.
The kobold hits you but does no damage. The orc wizard casts a spell at you.
The puff of flame hits you!
* * * LOW HITPOINT WARNING * * *
The orc hits you but does no damage.
The sleepcap releases spores at you but does no damage.
The sleepcap releases spores at you but does no damage.
The orc wizard points at you and mumbles some strange words.
The magic dart hits you.
* * * LOW HITPOINT WARNING * * *
Unknown command.
The orc attacks as you move away! The orc hits you but does no damage.
The sleepcap attacks as you move away!
The sleepcap releases spores at you but does no damage.
The orc wizard points at you and mumbles some strange words.
The magic dart hits you but does no damage.
Unknown command.
You're too confused to move!
You feel less confused. The kobold hits you but does no damage.
The sleepcap releases spores at you but does no damage.
The orc hits you but does no damage.
Unknown command.
You hit the orc wizard.
The orc wizard is lightly wounded.
You closely miss the orc. You slash the kobold!
You kill the kobold!
You hit the sleepcap.
The sleepcap releases spores at you but does no damage.
The orc wizard gestures at you while chanting.
The puff of flame hits you!
You die...

## ##. # . #..#######.#
...##...o.....#..
#.....)@.......
#..#.............##...#
##.........# ....#
#..........# ....#


You could see a sleepcap, an orc wizard and an orc.

Vanquished Creatures
  Jessica (D:3)
  Ijyb (D:3)
  An orc wizard (D:3)
  3 gnolls (D:2)
  2 adders (D:3)
  A worm (D:3)
  7 orcs
  7 endoplasms
  A giant cockroach (D:3)
  10 goblins
  3 hobgoblins
  4 jackals (D:3)
  A quokka (D:1)
  3 ball pythons
  2 bats
  A frilled lizard (D:2)
  9 kobolds
  4 rats
61 creatures vanquished.

Notes
Turn   | Place    | Note
-------+----------+-------------------------------------------
     0 | D:1      | Jase the Hill Orc Fighter began the quest for the Orb.
     0 | D:1      | Reached XP level 1. HP: 19/19 MP: 1/1
    14 | D:1      | Reached skill level 3 in Axes
    79 | D:1      | Reached XP level 2. HP: 26/26 MP: 2/2
   242 | D:1      | Reached skill level 4 in Axes
   542 | D:2      | Reached XP level 3. HP: 31/31 MP: 3/3
   648 | D:2      | Reached skill level 5 in Axes
   872 | D:2      | Reached XP level 4. HP: 39/39 MP: 4/4
  1069 | D:2      | Found a runed translucent door.
  1070 | D:2      | Noticed Crazy Yiuf
  1416 | D:3      | Found a hide-covered altar of Uskayaw.
  1423 | D:3      | Reached skill level 6 in Axes
  1489 | D:3      | Noticed Jessica
  1491 | D:3      | Killed Jessica
  1592 | D:3      | Reached XP level 5. HP: 45/45 MP: 5/5
  1631 | D:3      | Reached skill level 7 in Axes
  1711 | D:3      | Found a large runed translucent door.
  1711 | D:3      | Found a large runed translucent door.
  1711 | D:3      | Noticed hogiebunz's ghost (amateur KoHu)
  1973 | D:3      | Noticed Ijyb
  1976 | D:3      | Paralysed by Ijyb for 2 turns
  1985 | D:3      | Killed Ijyb
  2251 | D:4      | Killed from afar by an orc wizard

Illustrated notes

Levels and vault maps discovered:
D:1:      wander_arrival_desolate, layout_basic
D:2:      layout_rooms, minivault_19, uniq_crazy_yiuf_cottage
D:3:      layout_basic, overflow_temple_1_default, ebering_ghost_disaster_area,
          uniq_jessica, uniq_ijyb
D:4:      layout_layer_cave, nicolae_overflow_crystal_walls, hellmonk_no_cap,
          uniq_eustachio

Skill      XL: |  1  2  3  4  5 |
---------------+----------------+-----
Axes           | 3 4 5 6 7 |  7.6
Fighting       | |  3.6
Armour         | |  3.2
Shields        | |  3.2

Action                     |  1- 3 |  4- 6 || total
---------------------------+-------+-------++-------
  Melee: War axe           |    54 |    83 ||   137
 Armour: Scale mail        |    16 |       ||    16
         Chain mail        |       |    72 ||    72
  Dodge: Dodged            |    22 |    27 ||    49
  Block: Buckler           |     4 |    15 ||    19
